 Seeded DCSS version 0.30-a0-757-ga6a79fd877 (webtiles) character file.

Game seed: 10800580073305961336 (custom seed)

1439 BigDaddyOpFi the Covered (level 8, -7/51 HPs)
             Began as a Tengu Fighter on Feb 9, 2023.
             Killed from afar by a gargoyle (26 damage)
             ... with a stone arrow
             ... on level 6 of the Dungeon.
             The game lasted 00:04:18 (4448 turns).

BigDaddyOpFi the Covered (Tengu Fighter)            Turns: 4448, Time: 00:04:19

Health: -7/51      AC: 16    Str: 24    XL:     8   Next: 74%
Magic:  8/9        EV:  7    Int:  9    God:
Gold:   1504       SH:  6    Dex: 20    Spells: 7/7 levels left

rFire   . . .      SeeInvis .    u - +4 hand axe
rCold   . . .      Faith    .    c - +0 buckler
rNeg    . . .      Spirit   .    x - +0 plate armour
rPois   .          Reflect  .    (helmet restricted)
rElec   .          Harm     .    (no cloak)
rCorr   .          Rampage  .    i - +2 pair of gloves {infuse}
Will    .....                    (boots unavailable) Stlth
                                 (no amulet)
HPRegen 0.28/turn                v - +6 ring of strength
MPRegen 0.11/turn                k - +6 ring of dexterity

@: flying quickly and evasively, hasted, very quick
A: beak, talons 3, nimble flight
a: no special abilities


You were on level 6 of the Dungeon.
You visited 1 branch of the dungeon, and saw 6 of its levels.

You collected 1504 gold pieces.

Inventory:

Hand Weapons
 a - a +0 war axe
 t - a +1 hand axe of electrocution
 u - a +4 hand axe (weapon)
Armour
 c - a +0 buckler (worn)
 i - a +2 pair of gloves of infusion (worn)
 x - a +0 plate armour (worn)
Jewellery
 h - a ring of fire
 k - a +6 ring of dexterity (right hand)
 v - a +6 ring of strength (left hand)
Wands
 s - a wand of flame (24)
Scrolls
 d - a scroll of identify
 e - a scroll of teleportation
 j - 2 scrolls of fear
 l - a scroll of amnesia {unknown}
 q - a scroll of blinking {unknown}
 r - 2 scrolls of poison {unknown}
 w - a scroll of vulnerability {unknown}
Potions
 b - a potion of mutation {unknown}
 f - 2 potions of lignification {unknown}
 g - a potion of haste
 m - a potion of curing
 n - 3 potions of flight
 o - a potion of degeneration {unknown}
 p - a potion of magic


   Skills:
 + Level 6.0 Fighting
 + Level 6.1 Axes
 + Level 6.6 Armour
 + Level 6.0 Shields


You had 7 spell levels left.
You didn't know any spells.
Your spell library contained the following spells:

 Spells                   Type           Power      Damage    Failure   Level
 Kindle Blastsparks       Fire/Tloc/Air  0%         2d10      100%        3
 Fulminant Prism          Conj/Hex       0%         3d5       100%        4
 Iskenderun's Mystic Bla  Conj/Tloc      0%         2d3       100%        4
 Lee's Rapid Deconstruct  Erth           0%         3d4*      100%        5


Dungeon Overview and Level Annotations

Branches:
Dungeon (6/15)             Temple (0/1) D:4

Altars:
Ashenzari
Xom

Shops:
D:2 :


Innate Abilities, Weirdness & Mutations

You have a beak for a mouth.
You have claws for feet.
Your magical nature lets you fly swiftly and evasively.


Message History

You claw the white imp, but do no damage.
The white imp is severely wounded.
The white imp grinds its teeth.
The white imp barely misses you.
You slash the white imp!
You kill the white imp!
b - a green potion No target in view!
An ice beast comes into view.
Found a scale mail and 12 gold pieces.
An ice beast is nearby!
An ice beast is nearby!
You slash the ice beast!
You claw the ice beast, but do no damage.
The ice beast is heavily wounded.
The ice beast hits you. The ice beast freezes you!
You closely miss the ice beast. Your peck misses the ice beast.
The ice beast is heavily wounded.
You block the ice beast's attack.
You slash the ice beast!
You kill the ice beast!
Your Fighting skill increases to level 6!
Your Shields skill increases to level 6!
HP restored.
A gargoyle comes into view. It is wielding a +0 mace.
A gargoyle is nearby!
A gargoyle is nearby!
Found a sling.
The gargoyle hurls a stone arrow at you.
The stone arrow hits you!
You feel yourself speed up. The gargoyle hits you with a +0 mace!
You barely miss the gargoyle. Your kick misses the gargoyle.
You peck the gargoyle, but do no damage.
The gargoyle hurls a stone arrow at you.
The stone arrow hits you!
You hit the gargoyle but do no damage.
The gargoyle hurls a stone arrow at you.
The stone arrow hits you!!
Ouch! That really hurt!
You die...

########## ###
....<....# #..
########.# #.# #
...#####.######[######.#
.#.....................#
...............#.......#
###.##.###.###..@.9....#
....#..# #........[....#
#####..###.#####.$.....#
#......# #.......#
#..#.### #........#
#####..#.# ####.##..#
.........##### .# ..#
####.#.......# .# )#
#.#######.#


You could see a gargoyle.

Vanquished Creatures
  Menkaure (D:5)
  Duvessa (D:5)
  4 black bears
  An ice beast (D:6)
  An ogre (D:5)
  Blork the orc (D:5)
  4 wights (D:5)
  Dowan (D:5)
  A howler monkey (D:5)
  A crimson imp (D:5)
  2 hounds
  2 jellies (D:4)
  Jessica (D:2)
  4 adders
  2 white imps
  An ufetubus (D:6)
  2 worms
  2 dart slugs
  9 orcs
  7 ball pythons
  6 bats
  6 endoplasms
  A giant cockroach (D:1)
  4 goblins (D:1)
  9 hobgoblins
  9 jackals
  3 kobolds (D:4)
  2 frilled lizards
  5 rats
93 creatures vanquished.

Notes
Turn   | Place    | Note
-------+----------+-------------------------------------------
     0 | D:1      | BigDaddyOpFi the Tengu Fighter began the quest for the Orb.
     0 | D:1      | Reached XP level 1. HP: 14/14 MP: 2/2
   246 | D:1      | Reached XP level 2. HP: 19/19 MP: 3/3
   858 | D:2      | Reached XP level 3. HP: 11/23 MP: 4/4
  1005 | D:2      | Found Ubaw Zyc's Book Shop.
  1162 | D:2      | Noticed Jessica
  1167 | D:2      | Killed Jessica
  1168 | D:2      | Reached XP level 4. HP: 22/28 MP: 5/5
  1547 | D:3      | Identified 2 scrolls of acquirement
  1699 | D:3      | Acquired a +1 pair of gloves of infusion
  1706 | D:3      | Acquired 1268 gold pieces
  1728 | D:3      | Gained mutation: Your magical nature lets you fly swiftly
                  | and evasively. [Tengu growth]
  1728 | D:3      | Reached XP level 5. HP: 27/33 MP: 2/6
  2456 | D:4      | Found a staircase to the Ecumenical Temple.
  2461 | D:4      | Found a broken altar of Ashenzari.
  2770 | D:4      | Noticed a black bear
  2778 | D:4      | Reached XP level 6. HP: 24/38 MP: 1/7
  2779 | D:4      | Killed a black bear
  3071 | D:5      | Entered Level 5 of the Dungeon
  3228 | D:5      | Found a shimmering altar of Xom.
  3265 | D:5      | Reached skill level 5 in Armour
  3265 | D:5      | Reached XP level 7. HP: 36/44 MP: 5/8
  3284 | D:5      | Noticed Menkaure
  3301 | D:6      | Reached skill level 5 in Fighting
  3301 | D:6      | Reached skill level 5 in Axes
  3301 | D:6      | Reached skill level 5 in Shields
  3377 | D:5      | Killed Menkaure
  3512 | D:5      | Noticed Duvessa
  3512 | D:5      | Noticed Dowan
  3520 | D:5      | Killed Duvessa
  3521 | D:5      | Reached XP level 8. HP: 43/50 MP: 4/9
  3524 | D:5      | Killed Dowan
  3710 | D:5      | Noticed Blork the orc
  3713 | D:5      | Killed Blork the orc
  4441 | D:6      | Noticed a gargoyle
  4448 | D:6      | Killed from afar by a gargoyle

Illustrated notes

Levels and vault maps discovered:
D:1:      dpeg_arrival_arbitrary_a, layout_basic
D:2:      minmay_wonky_spiral, layout_loops_cross, serial_shops,
          nicolae_shop_trees, minmay_misc_feat_tower,
          chequers_serial_rivers_micro_a, uniq_jessica
D:3:      layout_basic
D:4:      layout_cave_pools, ashenzari_conservatory_becter,
          minmay_temple_entry_crystal_x
D:5:      layout_loops_ring, mainiacjoe_overflow_alcove_4,
          minmay_fire_ice_demons, uniq_blork_the_orc, uniq_menkaure,
          uniq_duvessa
D:6:      minmay_diamond_boxcup, layout_loops_ring, minmay_misc_feat_x,
          dilly_guarded_unrand_morg

Skill      XL: |  1  2  3  4  5  6  7  8 |
---------------+-------------------------+-----
Axes           | 3 4 5 6 |  6.1
Armour         | 4 5 6 |  6.6
Fighting       | 4 5 6 |  6.0
Shields        | 4 5 6 |  6.0

Action                     |  1- 3 |  4- 6 |  7- 9 || total
---------------------------+-------+-------+-------++-------
  Melee: War axe           |    51 |    92 |    55 ||   198
         Kick              |     6 |    25 |    26 ||    57
         Peck              |     3 |    19 |    15 ||    37
         Hand axe          |       |       |    21 ||    21
    Use: Scroll            |       |     9 |       ||     9
         Potion            |       |     2 |     5 ||     7
 Armour: Scale mail        |    21 |    50 |    29 ||   100
         Plate armour      |       |       |     8 ||     8
  Dodge: Dodged            |    21 |    59 |    31 ||   111
  Block: Buckler           |    15 |    33 |    23 ||    71

Table legend: (Time is in decaauts)
 A = Elapsed time spent in this place.
 B = Non-inter-level travel time spent in this place.
 C = Inter-level travel time spent in this place.
 D = Time resting spent in this place.
 E = Time spent auto-exploring this place.
 F = Levels seen in this place.
 G = Mean time per level.
                   A        B        C        D        E       F      G
               +--------+--------+--------+--------+--------+-----+--------+
         Total |   4348 |   4227 |    121 |    193 |   3398 |   6 |  724.7 |
       Dungeon |   4348 |   4227 |    121 |    193 |   3398 |   6 |  724.7 |
               +--------+--------+--------+--------+--------+-----+--------+

Top non-repeatable levels by time:
     D:5: 1069 daAuts
     D:3: 876 daAuts
     D:2: 746 daAuts
     D:4: 716 daAuts
     D:1: 693 daAuts
     D:6: 246 daAuts
